 Dungeon Crawl Stone Soup version 0.29.1-2-gbd0b4ee654 (webtiles) character file.

Game seed: 6542816197982256851

121851 Mitcholas the Slayer (level 16, -23/171 HPs)
             Began as a Minotaur Berserker on Nov 6, 2022.
             Was a High Priest of Trog.
             Annihilated by a radroach (55 damage)
             ... on level 2 of the Spider Nest on Nov 7, 2022.
             The game lasted 02:08:33 (34816 turns).

Mitcholas the Slayer (Minotaur Berserker)          Turns: 34816, Time: 02:08:33

Health: -23/171    AC: 21    Str: 35    XL:     16   Next: 33%
Magic:  15/15      EV: 11    Int:  4    God:    Trog [*****.]
Gold:   1717       SH: 19    Dex: 11    Spells: 15/15 levels left

rFire   . . .      SeeInvis +   X - +2 demon whip (vorpal)
rCold   + + +      Faith    +   p - +1 tower shield {rC+}
rNeg    + . .      Spirit   .   u - +0 swamp dragon scales
rPois   +          Reflect  .   H - +1 hat {Stlth+}
rElec   +          Harm     .   q - +1 cloak {Will+}
rCorr   .          Rampage  .   E - +2 pair of gloves
Will    ++++.                   S - +0 pair of boots
Stlth   ++........              z - amulet of faith
HPRegen 1.38/turn               v - ring of see invisible
MPRegen 0.14/turn               d - ring "Uloyguom" {rElec rC++ rN+ Str+6}

@: strong-willed, on berserk cooldown, very slightly contaminated, regenerating,
slowed, studying Maces & Flails, very slow
A: horns 2, retaliatory headbutt
a: Renounce Religion, Berserk, Trog's Hand, Brothers in Arms


You were on level 2 of the Spider Nest.
You worshipped Trog.
Trog was extremely pleased with you.
You visited 5 branches of the dungeon, and saw 21 of its levels.
You also visited: Ice Cave.

You collected 2396 gold pieces.
You spent 679 gold pieces at shops.

Inventory:

Hand Weapons
 X - a +2 vorpal demon whip (weapon)
Missiles
 n - 3 atropa-tipped darts
 s - 5 throwing nets
 t - a curare-tipped dart (quivered)
 L - 10 poisoned darts
 P - 2 datura-tipped darts
 U - 6 boomerangs
Armour
 i - a +0 plate armour
 p - a +1 tower shield of cold resistance (worn)
 q - a +1 cloak of willpower (worn)
 u - +0 swamp dragon scales (worn)
 E - a +2 pair of gloves (worn)
 H - a +1 hat of stealth (worn)
 S - a +0 pair of boots (worn)
Jewellery
 d - the ring "Uloyguom" (right hand) {rElec rC++ rN+ Str+6}
   (You acquired it on level 7 of the Dungeon)

   [ring of positive energy]

   Str:       It affects your strength (+6).
   rC:        It greatly protects you from cold.
   rElec:     It insulates you from electricity.
   rN:        It protects you from negative energy.
 m - a ring of protection from fire
 v - a ring of see invisible (left hand)
 z - an amulet of faith (around neck)
 Q - a ring of protection from fire
 W - a ring of resist corrosion
 Y - an amulet of the acrobat
 Z - a +6 ring of intelligence
Wands
 w - a wand of flame (49)
 C - a wand of paralysis (15)
 F - a wand of polymorph (6)
 N - a wand of acid (16)
 O - a wand of mindburst (3)
Scrolls
 l - 4 scrolls of blinking
 r - 8 scrolls of teleportation
 x - 3 scrolls of poison
 y - 3 scrolls of fog
 B - 3 scrolls of fear
 G - a scroll of silence
 I - 7 scrolls of identify
 K - 2 scrolls of enchant armour
 M - 2 scrolls of enchant weapon
 T - 2 scrolls of magic mapping
Potions
 a - a potion of attraction
 c - 9 potions of curing
 e - 4 potions of might
 f - 3 potions of resistance
 g - 4 potions of heal wounds
 h - 3 potions of ambrosia
 j - 6 potions of mutation
 k - 5 potions of haste
 o - 4 potions of invisibility
 A - 5 potions of flight
 D - a potion of berserk rage
 J - a potion of lignification
Miscellaneous
 b - a phial of floods
 R - a condenser vane
 V - a phantom mirror


   Skills:
 + Level 22.8 Fighting
 - Level 14.0 Maces & Flails
 + Level 16.4 Armour
 - Level 5.0 Dodging
 + Level 16.4 Shields
 + Level 8.2 Evocations


You had 15 spell levels left.
You didn't know any spells.
Your spell library was empty.

Dungeon Overview and Level Annotations

Branches:
Dungeon (11/15)            Temple (1/1) D:5            Lair (5/5) D:8
 Shoals (0/4) Lair:3       Spider (2/4) Lair:3        Slime (0/5) Lair:4
    Orc (2/2) D:11            Elf (0/3) Orc:2         IceCv (visited)

Altars:
Ashenzari
Cheibriados
Dithmenos
Elyvilon
Fedhas
Gozag
Hepliaklqana
Kikubaaqudgha
Makhleb
Nemelex Xobeh
Okawaru
Qazlal
Ru
Sif Muna
Trog
Uskayaw
Vehumet
Wu Jian
Xom
Yredelemnul
Zin
The Shining One
Lugonu

Shops:
D:7 (   D:8 *   D:10 (((:(:   Orc:2 (?=[

Portals:
Abyss: Lair:5

Annotations:
Lair:4 1 runed translucent door, BuzzyBeetle's ghost, journeyman GrFi


Innate Abilities, Weirdness & Mutations

You have a pair of horns on your head.
You reflexively headbutt those who attack you in melee.


Message History

You block the radroach's attack. x3
The radroach claws you but does no damage.
You hit the radroach but do no damage.
The radroach is heavily wounded.
You block the radroach's attack. x2
You hit the radroach but do no damage.
You headbutt the radroach, but do no damage.
The radroach is heavily wounded.
The radroach misses you. You furiously retaliate!
You headbutt the radroach, but do no damage.
The radroach barely misses you.
You hit the radroach but do no damage.
You headbutt the radroach, but do no damage.
The radroach is heavily wounded.
You block the radroach's attack. The radroach misses you.
You whack the radroach!
You headbutt the radroach, but do no damage.
The radroach is severely wounded.
The radroach erupts in a fountain of uncontrolled magic!
You are blasted with magical radiation!!
* * * LOW HITPOINT WARNING * * *
You are very lightly contaminated with residual magic.
Your skin crawls.
You feel strong-willed.
The radroach bites you but does no damage.
The radroach claws you.
* * * LOW HITPOINT WARNING * * *
You hit the radroach. You headbutt the radroach.
The radroach is severely wounded.
The radroach bites you.
* * * LOW HITPOINT WARNING * * *
The radroach barely misses you.
You barely miss the radroach.
The radroach is severely wounded.
You block the radroach's attack. x2
You whack the radroach! You headbutt the radroach.
The radroach is almost dead.
The radroach erupts in a fountain of uncontrolled magic!
You are blasted with magical radiation!!!
You die...

...#......^.....###..##.^..##
...^......^......########^.#
^..........#.#...†...# ####
..........#####......#
.........######.†....#
........###...#..#..##
.........#....#..#..#
........##....#^.#..##
......###...†^.^@#...#
......# #..##..B##...#
.....## #.. #######..# .....#
##. ...# ....^# .. #...
.....# .s #...# .....# #..
#^... .....# #.. #.....
###.##


You could see a radroach.

Vanquished Creatures
  Arachne (Spider:2)
  Jorgrun (Orc:2)
  Asterion (Spider:1)
  Gastronok (Orc:1)
  7 emperor scorpions
  A frost giant (IceCv)
  A ghost moth (Spider:1)
  2 entropy weavers
  A spark wasp (Spider:1)
  Harold (Lair:2)
  2 hydras (Lair:4)
  A catoblepas (Lair:4)
  3 boulder beetles
  2 ogre magi (Orc:2)
  10 two-headed ogres
  A death scarab (Spider:2)
  The ghost of BuzzyBeetle the Basher, a journeyman GrFi (D:10)
  A radroach (Spider:1)
  10 death yaks
  A tengu warrior (D:11)
  Urug (Lair:3)
  3 thrashing horrors (Lair:5)
  3 pharaoh ants
  2 deep trolls (Orc:2)
  4 orb spiders
  3 steelbarb worms (Spider:1)
  A lindwurm (Lair:2)
  Pikel (D:6)
  A deep elf pyromancer (D:10)
  A wolf spider zombie (D:10)
  7 wolf spiders
  4 ugly things
  2 cyclopes (Orc:2)
  7 elephants
  A spectral centaur (D:10)
  Maurice (D:8)
  A merfolk siren (Lair:3)
  A moth of wrath (Spider:2)
  7 black mambas
  A centaur zombie (D:10)
  An ice statue (IceCv)
  6 demonic crawlers (Spider:1)
  12 cane toads
  4 smoke demons (Lair:5)
  7 torpor snails
  A large abomination (Lair:5)
  6 rime drakes
  8 komodo dragons
  Maggie (D:9)
  A tengu conjurer (D:11)
  23 polar bears
  An ancient zyme (Lair:5)
  12 trolls
  17 tarantellas
  2 hornets
  21 blink frogs
  A slime creature (D:11)
  4 dream sheep (Lair:5)
  A spectral meliai (D:10)
  15 culicivoras
  21 jumping spiders
  A centaur simulacrum (D:10)
  A vampire (D:11)
  A shadow (D:10)
  68 yaks
  A ynoxinul (Lair:5)
  2 wraiths (D:11)
  2 humans (D:7)
  5 wyverns
  3 basilisks
  3 steam dragons
  2 chaos spawn (Lair:5)
  3 vampire mosquitoes (D:11)
  Grum (D:8)
  20 redbacks
  3 wargs (Orc:2)
  2 acid dragons
  Duvessa (D:7)
  19 water moccasins
  3 ice beasts
  13 orc warriors
  3 black bears (D:8)
  A sky beast (D:6)
  38 wolves
  22 ogres
  3 centaurs
  4 lemures (D:6)
  A kobold brigand (D:7)
  13 bullfrogs
  A gnoll sergeant (D:11)
  5 scorpions
  A necrophage (D:6)
  A wight (D:6)
  Dowan (D:7)
  3 killer bees (D:5)
  2 howler monkeys (D:11)
  2 hounds
  2 gnoll boudas
  10 orc priests
  7 small abominations (Lair:5)
  Crazy Yiuf (D:2)
  2 jellies
  Terence (D:3)
  5 iguanas
  11 orc wizards
  18 gnolls
  6 adders
  A shadow imp (D:4)
  A white imp (D:6)
  An ufetubus (D:6)
  A worm (D:2)
  A dart slug (D:2)
  49 orcs
  4 bat skeletons (D:8)
  2 bat zombies (D:8)
  2 endoplasms
  3 giant cockroaches
  5 goblins
  4 hobgoblins
  2 jackals (D:2)
  2 quokkas
  6 ball pythons
  6 bats
  6 frilled lizards
  12 kobolds
  4 rats
696 creatures vanquished.

Vanquished Creatures (collateral kills)
  4 death yaks (Lair:5)
  A basilisk (Lair:5)
  A small abomination (Lair:5)
6 creatures vanquished.

Vanquished Creatures (others)
  A jumping spider (Spider:2)
  A bush (D:8)
  24 fungi
  49 plants
75 creatures vanquished.

Grand Total: 777 creatures vanquished

Notes
Turn   | Place    | Note
-------+----------+-------------------------------------------
     0 | D:1      | Mitcholas the Minotaur Berserker began the quest for the
                  | Orb.
     0 | D:1      | Reached XP level 1. HP: 19/19 MP: 0/0
   549 | D:1      | Reached XP level 2. HP: 26/26 MP: 1/1
   612 | D:1      | Found a faded altar of an unknown god.
  1270 | D:2      | Reached ** piety under Trog
  1271 | D:2      | Reached skill level 5 in Maces & Flails
  1476 | D:2      | Reached XP level 3. HP: 31/31 MP: 2/2
  1841 | D:2      | Found a runed translucent door.
  1842 | D:2      | Noticed Crazy Yiuf
  1956 | D:2      | Identified the +6 whip of Anger {vorpal, rC+ Dex+4 Stlth-}
  2278 | D:2      | Killed Crazy Yiuf
  2279 | D:2      | Reached XP level 4. HP: 38/39 MP: 3/3
  2767 | D:3      | Noticed Terence
  2775 | D:3      | Killed Terence
  3321 | D:4      | Noticed a scorpion
  3327 | D:4      | Killed a scorpion
  3328 | D:4      | Reached XP level 5. HP: 45/45 MP: 4/4
  3633 | D:4      | Noticed an ice beast
  3644 | D:4      | Killed an ice beast
  3645 | D:4      | Reached XP level 6. HP: 51/51 MP: 5/5
  4054 | D:5      | Entered Level 5 of the Dungeon
  4560 | D:5      | Noticed a water moccasin
  4573 | D:5      | Killed a water moccasin
  4651 | D:5      | Found a staircase to the Ecumenical Temple.
  4670 | D:5      | Reached XP level 7. HP: 57/57 MP: 6/6
  4689 | D:5      | Reached skill level 10 in Maces & Flails
  5529 | Temple   | Entered the Ecumenical Temple
  5529 | Temple   | Found a transporter.
  5529 | Temple   | Found a transporter.
  5531 | Temple   | Found a transporter.
  5531 | Temple   | Found a transporter.
  5695 | D:6      | Noticed Pikel
  5710 | D:6      | Killed Pikel
  5711 | D:6      | Reached XP level 8. HP: 64/64 MP: 7/7
  5945 | D:6      | Noticed a purple ugly thing
  5960 | D:6      | Killed a purple ugly thing
  5965 | D:6      | Reached skill level 4 in Fighting
  5965 | D:6      | Reached XP level 9. HP: 71/71 MP: 8/8
  6343 | D:6      | Reached skill level 5 in Fighting
  6570 | D:6      | Reached skill level 5 in Armour
  6629 | D:6      | Found a large runed translucent door.
  6630 | D:6      | Found a large runed translucent door.
  6923 | D:6      | Reached skill level 6 in Fighting
  6936 | D:6      | Identified the +0 robe of Iluavek {rPois Will+}
  7321 | D:7      | Identified 2 scrolls of acquirement
  7321 | D:7      | Acquired the ring "Uloyguom" {rElec rC++ rN+ Str+6}
  7477 | D:6      | Acquired a manual of Fighting
  7659 | D:7      | Reached *** piety under Trog
  7801 | D:7      | Noticed Dowan
  7803 | D:7      | Killed Dowan
  7804 | D:7      | Noticed Duvessa
  7809 | D:7      | Killed Duvessa
  7810 | D:7      | Reached skill level 7 in Fighting
  7901 | D:7      | Found Anum's Weapon Shoppe.
  7906 | D:7      | Found an iron altar of Okawaru.
  7925 | D:7      | Bought 3 atropa-tipped darts for 25 gold pieces
  7997 | D:7      | Reached skill level 8 in Fighting
  8332 | D:7      | Reached skill level 1 in Shields
  8807 | D:8      | Reached skill level 9 in Fighting
  8831 | D:8      | Reached XP level 10. HP: 79/91 MP: 9/9
  9216 | D:8      | Reached skill level 10 in Fighting
  9397 | D:8      | Reached skill level 11 in Fighting
  9401 | D:8      | Found a staircase to the Lair.
  9522 | D:8      | Noticed Grum
  9531 | D:8      | Reached skill level 5 in Shields
  9560 | D:8      | Killed Grum
  9560 | D:8      | Reached **** piety under Trog
  9861 | D:8      | Reached skill level 12 in Fighting
  9987 | D:8      | Found Zuareir's General Store.
  9992 | D:8      | Bought a scroll of fear for 56 gold pieces
 10217 | D:8      | Found an ancient bone altar of Kikubaaqudgha.
 10437 | D:8      | Noticed Maurice
 10449 | D:8      | Killed Maurice
 10755 | D:6      | Found a bloodstained altar of Trog.
 10760 | D:6      | Reached skill level 13 in Fighting
 10763 | D:6      | Found a glowing golden altar of the Shining One.
 11167 | D:9      | Found a glowing silver altar of Zin.
 11332 | D:9      | Noticed Maggie
 11338 | D:9      | Killed Maggie
 11339 | D:9      | Reached skill level 10 in Armour
 11339 | D:9      | Reached XP level 11. HP: 107/107 MP: 10/10
 11798 | D:10     | Entered Level 10 of the Dungeon
 11875 | D:10     | Found Rehik's Antique Weapon Boutique.
 11898 | D:10     | Found Eraev Afe's Antique Weapon Shop.
 11935 | D:10     | Reached skill level 14 in Fighting
 12185 | D:10     | Found Riptoseg's Weapon Shop.
 12345 | D:10     | Found a runed translucent gate.
 12346 | D:10     | Found a runed translucent gate.
 12347 | D:10     | Found a runed translucent gate.
 12392 | D:10     | Found Onabetem's Book Shop.
 12393 | D:10     | Noticed a deep elf pyromancer
 12405 | D:10     | Killed a deep elf pyromancer
 12513 | D:10     | Found Joadoas's Antique Weapon Emporium.
 12546 | D:10     | Reached skill level 15 in Fighting
 12687 | D:10     | Found Ixokhluet's Self-Improvement Boutique.
 12858 | D:10     | Noticed BuzzyBeetle's ghost (journeyman GrFi)
 13076 | D:11     | Noticed a cyan ugly thing
 13088 | D:11     | Killed a cyan ugly thing
 13198 | D:11     | Reached skill level 1 in Evocations
 13320 | D:11     | Noticed a boulder beetle
 13327 | D:11     | Killed a boulder beetle
 13617 | D:11     | Found a staircase to the Orcish Mines.
 13951 | D:11     | Noticed a two-headed ogre
 13960 | D:11     | Killed a two-headed ogre
 13961 | D:11     | Reached skill level 16 in Fighting
 14377 | D:11     | Noticed a tengu warrior
 14399 | D:11     | Killed a tengu warrior
 14400 | D:11     | Reached XP level 12. HP: 96/122 MP: 11/11
 14660 | D:10     | Killed BuzzyBeetle's ghost
 14661 | D:10     | Reached skill level 5 in Dodging
 14902 | Lair:1   | Entered Level 1 of the Lair of Beasts
 16146 | Lair:2   | Reached ***** piety under Trog
 16208 | Lair:2   | Found a frozen archway.
 16230 | IceCv    | Entered an ice cave
 16260 | IceCv    | Reached skill level 17 in Fighting
 16310 | IceCv    | Reached skill level 5 in Evocations
 16635 | IceCv    | Identified the +9 short sword of Analysis {drain, Dex+4}
 16791 | IceCv    | Reached XP level 13. HP: 132/132 MP: 12/12
 16797 | IceCv    | Reached skill level 10 in Shields
 17006 | IceCv    | Noticed a frost giant
 17029 | IceCv    | Killed a frost giant
 17088 | IceCv    | Received a gift from Trog
 17621 | Lair:2   | Noticed Harold
 17632 | Lair:2   | Killed Harold
 18950 | Lair:3   | Found a hole to the Spider Nest.
 19041 | Lair:3   | Noticed Urug
 19062 | Lair:3   | Killed Urug
 20158 | Lair:3   | Found a staircase to the Shoals.
 20502 | Lair:4   | Reached skill level 15 in Armour
 20663 | Lair:4   | Received a gift from Trog
 21043 | Lair:4   | Reached XP level 14. HP: 140/140 MP: 13/13
 21171 | D:10     | Bought a glowing demon whip for 540 gold pieces
 21311 | Lair:4   | Found a runed translucent door.
 21313 | Lair:4   | Found a shimmering altar of Xom.
 21313 | Lair:4   | Noticed BuzzyBeetle's ghost (journeyman GrFi)
 21629 | Lair:4   | Reached skill level 15 in Shields
 21921 | Lair:4   | Found a staircase to the Slime Pits.
 22792 | Lair:5   | Entered Level 5 of the Lair of Beasts
 23269 | Lair:5   | Reached skill level 18 in Fighting
 23482 | Lair:5   | Received a gift from Trog
 23694 | Lair:5   | Reached skill level 19 in Fighting
 24426 | Lair:5   | Found a corrupted altar of Lugonu.
 24426 | Lair:5   | Found a one-way gate to the infinite horrors of the Abyss.
 24595 | Lair:5   | Reached skill level 20 in Fighting
 24744 | Lair:5   | Received a gift from Trog
 25640 | Orc:1    | Entered Level 1 of the Orcish Mines
 25690 | Orc:1    | Noticed Gastronok
 25715 | Orc:1    | Killed Gastronok
 26210 | Orc:2    | Entered Level 2 of the Orcish Mines
 26298 | Orc:2    | Reached XP level 15. HP: 157/157 MP: 14/14
 26305 | Orc:2    | Noticed Jorgrun
 26313 | Orc:2    | Killed Jorgrun
 26440 | Orc:2    | Reached skill level 21 in Fighting
 26446 | Orc:2    | Found a staircase to the Elven Halls.
 27111 | Orc:2    | Received a gift from Trog
 27235 | Orc:2    | Found Pasyrad's Armour Emporium.
 27236 | Orc:2    | Found Lucopn's Jewellery Emporium.
 27911 | Orc:2    | Found Xiffiz's Magic Scroll Shop.
 27913 | Orc:2    | Bought a +0 pair of boots for 58 gold pieces
 27933 | Orc:2    | Reached skill level 22 in Fighting
 27981 | Orc:2    | Found Setocaafurph's Weapon Shoppe.
 28064 | Orc:2    | Reached ****** piety under Trog
 28327 | Orc:2    | Found Pasyrad's Armour Emporium.
 28439 | Orc:2    | Found Setocaafurph's Weapon Shoppe.
 28447 | Orc:2    | Found Xiffiz's Magic Scroll Shop.
 28458 | Orc:2    | Found Lucopn's Jewellery Emporium.
 28628 | Orc:2    | Found a staircase to the Elven Halls.
 29026 | Spider:1 | Entered Level 1 of the Spider Nest
 29237 | Spider:1 | Received a gift from Trog
 29694 | Spider:1 | Noticed an emperor scorpion
 29707 | Spider:1 | Killed an emperor scorpion
 29935 | Spider:1 | Noticed an emperor scorpion
 29945 | Spider:1 | Killed an emperor scorpion
 30118 | Spider:1 | Identified the +2 halberd "Ukinlar" {vorpal, Int+2}
 30275 | Spider:1 | Noticed Asterion
 30309 | Spider:1 | Killed Asterion
 32141 | Spider:2 | Noticed Arachne
 32356 | Spider:2 | Noticed an emperor scorpion
 32357 | Spider:2 | Noticed an emperor scorpion
 32381 | Spider:2 | Killed an emperor scorpion
 32381 | Spider:2 | Received a gift from Trog
 32411 | Spider:2 | Reached XP level 16. HP: 105/170 MP: 15/15
 32913 | Spider:2 | Killed Arachne
 34816 | Spider:2 | Annihilated by a radroach

Illustrated notes

Levels and vault maps discovered:
D:1:      dpeg_arrival_water_fire, layout_basic,
          hellmonk_ecumenical_altar_blasted, st_stairs_7, kennysheep_nondescript
D:2:      layout_basic, uniq_crazy_yiuf_cottage
D:3:      layout_loops_ring, uniq_terence
D:4:      layout_loops_ring
D:5:      layout_basic, minmay_temple_entry_mist, roderic_roman_lattice
D:6:      layout_loops_corners, jmf_multi_god_temple2, minmay_divided_ellipse,
          uniq_pikel
D:7:      layout_basic, okawaru_humans, serial_shops, shop, uniq_duvessa
D:8:      layout_basic, kennysheep_vampire_church, minmay_lair_entry_grove,
          serial_shops, shop, minmay_strange_pillars, uniq_maurice, uniq_grum
D:9:      layout_grid_maze, mainiacjoe_overflow_alcove_1, uniq_maggie
D:10:     layout_gridville, serial_shops, nicolae_stop_n_shop_2,
          nicolae_stop_n_shop_1, kennysheep_mini_moat, nicolae_shop_trees,
          nicolae_shop_crystal, gammafunk_ghost_necromancy,
          nicolae_shop_self_help
D:11:     layout_irregular_city, david_orc_4, minmay_shattered_shrine
Temple:   hellmonk_temple_divided_pantheon
Lair:1:   layout_regular_city, st_stairs_8, beast_lair_carwin_11
Lair:2:   layout_chaotic_city, portal_ice_cave_rime, uniq_harold
Lair:3:   layout_regular_city, minmay_shoals_entry_lonely_mermaid,
          nicolae_spider_entry_tight_spaces, uniq_urug
Lair:4:   layout_gridlike, dpeg_slime_entry_enclosed, ebering_ghost_xom,
          serial_rivers, chequers_serial_rivers_micro_c,
          chequers_serial_rivers_room_b, chequers_serial_rivers_marsh,
          chequers_serial_rivers_room_a, chequers_serial_rivers_micro_e
Lair:5:   hellmonk_lair_end_abyssal_woods, layout_hall_layers,
          grunt_megastairs_3, infiniplex_staircase_pool_2
Spider:1: layout_chambers, uniq_asterion
Spider:2: nicolae_spider_corner, uniq_arachne
Orc:1:    layout_caves, uniq_gastronok
Orc:2:    st_orc_open, layout_diamond_mine, basic_altar,
          nicolae_orc_flooded_monolith, nicolae_orc_lava_room, uniq_jorgrun

Skill      XL: |  1  2  3  4  5  6  7  8  9 10 11 12 13 14 15 16 |
---------------+-------------------------------------------------+-----
Maces & Flails | 4 5 6 7 8 9 12 14 | 14.0
Fighting       | 4 9 13 16 17 20 22 | 22.8
Armour         | 3 7 10 12 13 15 16 | 16.4
Shields        | 2 6 7 9 14 15 16 | 16.4
Evocations     | 3 5 6 7 8 |  8.2
Dodging        | 4 5 |  5.0

Action                   |  1- 3 |  4- 6 |  7- 9 | 10-12 | 13-15 | 16-18 || total
-------------------------+-------+-------+-------+-------+-------+-------++-------
Melee: Mace              |    66 |     2 |       |       |       |       ||    68
       Headbutt          |     4 |    21 |    66 |   166 |   423 |    48 ||   728
       Flail             |       |    33 |       |       |       |       ||    33
       Whip              |       |    58 |   300 |   692 |   790 |       ||  1840
       Punch             |       |     1 |     3 |       |       |       ||     4
       Demon whip        |       |       |       |       |   635 |   198 ||   833
Throw: Dart              |       |       |       |       |     1 |       ||     1
Invok: Berserk           |     3 |     3 |     3 |     3 |     5 |     4 ||    21
       Trog's Hand       |       |       |       |     3 |     2 |     2 ||     7
       Brothers in Arms  |       |       |       |       |     1 |       ||     1
Evoke: Wand              |       |       |       |     1 |     4 |     1 ||     6
       Condenser vane    |       |       |       |       |     1 |       ||     1
  Use: Scroll            |       |       |    15 |    13 |     2 |       ||    30
       Potion            |       |       |       |       |       |     2 ||     2
 Stab: Distracted        |       |       |     1 |    14 |     6 |       ||    21
       Confused          |       |       |       |       |     2 |       ||     2
       Paralysed         |       |       |       |       |    20 |     7 ||    27
Armor: Animal skin       |     3 |       |       |       |       |       ||     3
       Ring mail         |    13 |     9 |       |       |       |       ||    22
       Chain mail        |       |    18 |    57 |       |       |       ||    75
       Plate armour      |       |       |    19 |   192 |   246 |       ||   457
       Swamp dragon scal |       |       |       |       |   136 |   125 ||   261
Dodge: Dodged            |    29 |    25 |    57 |   102 |   219 |    90 ||   522
Block: Buckler           |       |       |     3 |    19 |       |       ||    22
       Kite shield       |       |       |       |    97 |       |       ||    97
       Tower shield      |       |       |       |    63 |   914 |   246 ||  1223
